 Dungeon Crawl Stone Soup version 0.29-a0-356-g7bc237e783 (webtiles) character file.

Game seed: 1389477405830537318

7 zeratav the Magician (level 2, 0/22 HPs)
             Began as a Djinni Ice Elementalist on Apr 26, 2022.
             Slain by an endoplasm (3 damage)
             ... on level 1 of the Dungeon.
             The game lasted 00:00:38 (234 turns).

zeratav the Magician (Djinni Ice Elementalist)       Turns: 234, Time: 00:00:38

Health: 0/22       AC:  2    Str: 13    XL:     2   Next: 5%
Gold:   27         EV: 12    Int: 16    God:
                   SH:  0    Dex: 13

rFire   + + .      SeeInvis .   g - +0 short sword {short}
rCold   x . .      Faith    .   (no shield)
rNeg    . . .      Spirit   .   a - +0 robe
rPois   ∞          Reflect  .   (no helmet)
rElec   .          Harm     .   (no cloak)
rCorr   .          Rampage  .   (no gloves)
Will    .....                   (boots unavailable)
Stlth   ++........              (no amulet)
HPRegen 0.07/turn               c - +6 ring of strength
MPRegen 0.00/turn               (no ring)

@: flying
A: sickness immunity, fire resistance 2, cold vulnerability 1, float, innate
caster, HP casting, extra vitality 1
a: no special abilities


You were on level 1 of the Dungeon.
You visited 1 branch of the dungeon, and saw 1 of its levels.

You collected 27 gold pieces.


Innate Abilities, Weirdness & Mutations

You are immune to sickness and miasma.
You are immune to poison.
Your flesh is very heat resistant. (rF++)
You are vulnerable to cold. (rC-)
You float through the air rather than walking.
You learn spells naturally, not from books.
Your magical power is your life essence.
You have superior vitality. (+4 MHP)


   Skills:
 * Level 0.8 Fighting
 + Level 0.4 Armour
 - Level 2.1 Dodging
 - Level 1.5 Stealth
 * Level 3.3 Spellcasting


You couldn't memorise any spells.
You knew the following spells:

 Your Spells              Type           Power      Damage    Failure   Level
a - Freeze                Ice            52%        1d7       4%          1
b - Frozen Ramparts       Ice            26%        1d4       14%         3
c - Ozocubu's Armour      Ice            13%        N/A       14%         3
d - Hailstorm             Conj/Ice       13%        3d5       41%         4
Your spell library was empty.

Inventory:

Hand Weapons
 g - a +0 short sword (weapon) {short}
   (You took it off a kobold on level 1 of the Dungeon)
Armour
 a - a +0 robe (worn)
 b - a +0 chain mail
   (You found it on level 1 of the Dungeon)
Jewellery
 c - a +6 ring of strength (left hand)
   (You found it on level 1 of the Dungeon)
Scrolls
 d - a scroll of amnesia {unknown}
 e - a scroll of identify {unknown}
Potions
 f - a potion of flight {unknown}

Dungeon Overview and Level Annotations

Branches:
Dungeon (1/15)

Altars:

.....
....###+##
#.......=.
>....$...
.......
#....#
#.J..#
#@...#
+....#
#....#
#....#
#....#
##.### #.#
#.# #.#


You could see an endoplasm.


Message History

Found a staircase leading out of the dungeon.
You begin with the following spells memorised: Freeze, Frozen Ramparts, Ozocubu's Armour, Hailstorm.
b - a +0 chain mail
c - a +0 great mace {mace}
d - a scroll labelled JAONOE ODE PIL You now have 16 gold pieces.
e - a scroll labelled BYOTEOPLEJAR
f - a fizzy inky potion A giant cockroach comes into view.
You miscast Freeze.
You are very lightly contaminated with residual magic.
Nothing appears to happen.
HP[-1]
You take 1 damage, and now have 14/15 hp.
You freeze the giant cockroach.
You kill the giant cockroach!
HP[-1]
You take 1 damage, and now have 13/15 hp.
Your magical contamination has completely faded away.
You see here a giant cockroach corpse.
You now have 27 gold pieces (gained 11).
A kobold comes into view. It is wielding a +0 short sword.
HP[+2]
Your hp is fully restored (15).
The kobold shouts!
You freeze the kobold.
You kill the kobold!
HP[-1]
You take 1 damage, and now have 14/15 hp.
You can't see any susceptible monsters within range! (Use Z to cast anyway.)
g - a +0 short sword {short} HP[+1]
Your hp is fully restored (15).
g - a +0 short sword (weapon)
{short} You drop a +0 great mace {mace}.
An endoplasm comes into view.
An endoplasm is nearby!
Found 14 gold pieces.
Found a stone staircase leading down.
You freeze the endoplasm.
The endoplasm quivers.
The endoplasm closely misses you.
HP[-1]
You take 1 damage, and now have 14/15 hp.
You freeze the endoplasm.
You kill the endoplasm!
HP[-1]
You now have 16 max hp (+1).
A kobold and a frilled lizard come into view.
The frilled lizard hisses angrily.
You see here a +6 ring of strength.
HP[+3]
Your hp is fully restored (16).
You feel stronger.
c - a +6 ring of strength (left hand)
A hobgoblin comes into view.
An endoplasm comes into view.
You freeze the frilled lizard. The frilled lizard closely misses you.
HP[-1]
You take 1 damage, and now have 15/16 hp.
You freeze the frilled lizard.
You kill the frilled lizard!
The kobold hits you with a +0 dagger.
HP[-4]
You take 4 damage, and now have 11/16 hp.
MASSIVE DAMAGE!! (PAUSE)
You are too injured to fight recklessly!
You are too injured to fight recklessly!
Casting: Freeze (safe; 4% risk of failure)
Confirm with . or Enter, or press ? or * to list all spells.
Aiming: Freeze (safe; 4% risk of failure)
Press: ? - help, Shift-Dir - straight line, f - kobold
Aim: a kobold, wielding a +0 dagger You freeze the kobold!
You kill the kobold!
The endoplasm jiggles.
HP[-1]
You take 1 damage, and now have 10/16 hp.
You closely miss the hobgoblin. The hobgoblin hits you.
* * * LOW HITPOINT WARNING * * *
HP[-4]
You take 4 damage, and now have 6/16 hp.
MASSIVE DAMAGE!! (PAUSE)
You hit the hobgoblin.
You kill the hobgoblin!
The endoplasm freezes you.
You are frozen.
You feel a terrible chill!
* * * LOW HITPOINT WARNING * * *
You have reached level 2!
HP[-2]
You now have 22 max hp (+6).
Casting: Freeze (safe; 4% risk of failure)
Confirm with . or Enter, or press ? or * to list all spells.
Aiming: Freeze (safe; 4% risk of failure)
Press: ? - help, Shift-Dir - straight line, f - endoplasm
Aim: an endoplasm You freeze the endoplasm.
* * * LOW HITPOINT WARNING * * *
The endoplasm hits you.
You die...

Action                   || total
-------------------------++-------
Melee: Short sword       ||     2
 Cast: Freeze            ||     8
Dodge: Dodged            ||     2

Levels and vault maps discovered:
D:1:      nicolae_arrival_washed_ashore, layout_basic,
          ebering_ecumenical_altar_box

Notes
Turn   | Place    | Note
-------+----------+-------------------------------------------
     0 | D:1      | zeratav the Djinni Ice Elementalist began the quest for the
                  | Orb.
     0 | D:1      | Reached XP level 1. HP: 15/15 MP: 0/0
     0 | D:1      | magus.rc [v1.9.6]
   233 | D:1      | HP: 3/16 [frozen (3)]
   234 | D:1      | Reached XP level 2. HP: 4/22 MP: 0/0
   234 | D:1      | Slain by an endoplasm

Vanquished Creatures
  An endoplasm (D:1)
  A giant cockroach (D:1)
  A hobgoblin (D:1)
  A frilled lizard (D:1)
  2 kobolds (D:1)
6 creatures vanquished.

Table legend:
 A = Non-vault XP
 B = Vault XP
 C = Vault XP percentage of total XP
 D = Non-vault monster count
 E = Vault monster count
 F = Vault count percentage of total count
                 A         B        C        D         E       F
            +---------+---------+-------+---------+---------+-------
      Total |      10 |       0 |   0.0 |       6 |       0 |   0.0
            +---------+---------+-------+---------+---------+-------
        D:1 |      10 |       0 |   0.0 |       6 |       0 |   0.0
            +---------+---------+-------+---------+---------+-------

Illustrated notes

Table legend:
 A = Kills in this place as a percentage of kills in entire the game.
 B = Kills by you in this place as a percentage of kills by you in the entire game.
 C = Kills by friends in this place as a percentage of kills by friends in the entire game.
 D = Other kills in this place as a percentage of other kills in the entire game.
 E = Experience gained in this place as a percentage of experience gained in the entire game.
 F = Experience gained in this place divided by the number of levels of this place that you have seen.
                   A       B       C       D       E      F
               +-------+-------+-------+-------+-------+----------------------
         Total | 100.0 | 100.0 |   N/A |   N/A | 100.0 |  10.0
       Dungeon | 100.0 | 100.0 |   N/A |   N/A | 100.0 |  10.0
               +-------+-------+-------+-------+-------+----------------------

Table legend: (Time is in decaauts)
 A = Elapsed time spent in this place.
 B = Non-inter-level travel time spent in this place.
 C = Inter-level travel time spent in this place.
 D = Time resting spent in this place.
 E = Time spent auto-exploring this place.
 F = Levels seen in this place.
 G = Mean time per level.
                   A        B        C        D        E       F      G
               +--------+--------+--------+--------+--------+-----+--------+
         Total |    233 |    233 |      0 |      0 |    192 |   1 |  233.0 |
       Dungeon |    233 |    233 |      0 |      0 |    192 |   1 |  233.0 |
               +--------+--------+--------+--------+--------+-----+--------+

Top non-repeatable levels by time:
     D:1: 233 daAuts
